[ AOE2 MATCH · #504794340 ]
UnrankedBerbers vs Maya
Player's team · LOSS
Rival team · WIN
[ REPLAY ANALYSIS · EXTRACTED FROM THE RECORDED GAME ]
Feudal
8:52
Castle
20:09
Imperial
37:36
| APM avg | 84.3 |
| APM peak | 186 |
| eAPM avg | 57.0 |
| Villagers / military | 235 / 253 |
Focus
⚔️ 64.1% · 🌾 35.9%
Knight ×111 · Skirmisher ×95 · Hand Cannoneer ×34 · Scout Cavalry ×9 · Trebuchet (Packed) ×4
Feudal
10:03
Castle
20:15
Imperial
38:23
| APM avg | 49.1 |
| APM peak | 96 |
| eAPM avg | 27.8 |
| Villagers / military | 141 / 255 |
Focus
⚔️ 47.0% · 🌾 53.0%
Spearman ×81 · Eagle Scout ×79 · Plumed Archer ×65 · Monk ×11 · Trebuchet (Packed) ×6 · Archer ×5
Match map
Initial resources + every placement click. Lines = walls · curves = elevation contours. ◆ gold · ⬟ stone · ● berries · ✦ relic · ◌ wall gap
Your base· Open — 1t gap
NuMa | OliverAtom's base· ✓ Closed at 20:15 · 22t walls · 1 gate(s)
Smoothed initial terrain · ◌ = detected wall gap · hover for details
Inputs per minute
— Agusjj - - NuMa | OliverAtom
Build order — Agusjj
First 150 of 763 actions detected
| 0:00 | Queue | Villager (Male) |
| 0:01 | Queue | Villager (Male) |
| 0:01 | Build | House |
| 0:02 | Build | House |
| 0:10 | Queue | Villager (Male) |
| 0:10 | Queue | Villager (Male) |
| 0:10 | Queue | Villager (Male) |
| 1:28 | Queue | Villager (Male) |
| 1:28 | Queue | Villager (Male) |
| 1:57 | Build | Lumber Camp |
| 1:58 | Queue | Villager (Male) |
| 2:14 | Queue | Villager (Male) |
| 2:14 | Queue | Villager (Male) |
| 2:45 | Queue | Villager (Male) |
| 2:46 | Queue | Villager (Male) |
| 3:02 | Queue | Villager (Male) |
| 3:02 | Queue | Villager (Male) |
| 3:30 | Queue | Villager (Male) |
| 3:54 | Build | House |
| 3:57 | Queue | Villager (Male) |
| 4:11 | Build | Mill |
| 4:15 | Queue | Villager (Male) |
| 4:42 | Queue | Villager (Male) |
| 4:55 | Queue | Villager (Male) |
| 5:30 | Queue | Villager (Male) |
| 5:31 | Research | Loom |
| 5:44 | Build | Palisade Wall |
| 5:45 | Build | Palisade Wall |
| 5:46 | Build | Palisade Wall |
| 5:46 | Build | Palisade Wall |
| 5:48 | Build | Palisade Wall |
| 6:18 | Build | House |
| 6:42 | Research | Feudal Age |
| 6:54 | Build | Palisade Wall |
| 7:14 | Build | House |
| 7:41 | Build | House |
| 7:48 | Queue | Villager (Male) |
| 7:57 | Build | Barracks |
| 8:52 | Age | Feudal Age |
| 8:55 | Build | Archery Range |
| 9:03 | Research | Double-Bit Axe |
| 9:03 | Research | Double-Bit Axe |
| 9:04 | Queue | Villager (Male) |
| 9:26 | Queue | Villager (Male) |
| 9:29 | Build | Farm |
| 9:39 | Build | House |
| 9:47 | Queue | Skirmisher |
| 9:47 | Queue | Skirmisher |
| 9:49 | Queue | Villager (Male) |
| 10:03 | Queue | Skirmisher |
| 10:08 | Build | Farm |
| 10:12 | Build | House |
| 10:15 | Queue | Villager (Male) |
| 10:20 | Queue | Skirmisher |
| 10:40 | Build | House |
| 10:42 | Queue | Villager (Male) |
| 10:43 | Build | Farm |
| 10:49 | Build | Farm |
| 10:57 | Build | Palisade Wall |
| 11:03 | Queue | Villager (Male) |
| 11:04 | Build | Farm |
| 11:10 | Build | House |
| 11:15 | Queue | Skirmisher |
| 11:24 | Build | House |
| 11:26 | Build | House |
| 11:32 | Queue | Villager (Male) |
| 12:04 | Queue | Villager (Male) |
| 12:16 | Queue | Villager (Male) |
| 12:18 | Build | Farm |
| 12:30 | Queue | Villager (Male) |
| 12:31 | Build | Farm |
| 12:41 | Queue | Villager (Male) |
| 12:45 | Queue | Skirmisher |
| 13:11 | Queue | Skirmisher |
| 13:15 | Queue | Villager (Male) |
| 13:17 | Build | Farm |
| 13:20 | Build | Farm |
| 13:28 | Build | Palisade Wall |
| 13:41 | Queue | Villager (Male) |
| 13:43 | Build | Palisade Wall |
| 14:08 | Queue | Villager (Male) |
| 14:28 | Queue | Villager (Male) |
| 14:36 | Build | Mill |
| 14:37 | Build | Farm |
| 14:37 | Build | Farm |
| 14:37 | Build | Farm |
| 14:43 | Build | Palisade Wall |
| 15:03 | Queue | Skirmisher |
| 15:09 | Queue | Villager (Male) |
| 15:13 | Build | Farm |
| 15:30 | Queue | Skirmisher |
| 15:55 | Queue | Villager (Male) |
| 15:57 | Build | Farm |
| 16:06 | Build | Farm |
| 16:14 | Build | Palisade Wall |
| 16:14 | Build | Palisade Wall |
| 16:25 | Build | Market |
| 16:27 | Build | Palisade Wall |
| 16:38 | Build | Mining Camp |
| 16:39 | Queue | Villager (Male) |
| 16:46 | Queue | Villager (Male) |
| 17:06 | Build | Palisade Wall |
| 17:28 | Research | Castle Age |
| 17:47 | Build | Palisade Wall |
| 17:47 | Build | Palisade Wall |
| 17:51 | Build | Palisade Wall |
| 17:52 | Build | Palisade Wall |
| 18:00 | Research | Horse Collar |
| 18:09 | Build | Stable |
| 18:23 | Research | Gold Mining |
| 18:23 | Research | Gold Mining |
| 18:29 | Build | Palisade Wall |
| 18:42 | Queue | Villager (Male) |
| 18:57 | Build | Blacksmith |
| 19:05 | Build | Palisade Wall |
| 19:13 | Build | Farm |
| 19:49 | Build | Farm |
| 19:53 | Queue | Villager (Male) |
| 20:00 | Build | Farm |
| 20:09 | Age | Castle Age |
| 20:09 | Build | Town Center |
| 20:14 | Queue | Knight |
| 20:16 | Queue | Knight |
| 20:20 | Build | Farm |
| 20:22 | Queue | Villager (Male) |
| 20:32 | Build | Palisade Wall |
| 20:47 | Build | Lumber Camp |
| 20:47 | Queue | Villager (Male) |
| 20:57 | Build | Farm |
| 21:01 | Queue | Villager (Male) |
| 21:09 | Queue | Knight |
| 21:17 | Queue | Villager (Male) |
| 21:18 | Build | Farm |
| 21:21 | Queue | Villager (Male) |
| 21:21 | Queue | Villager (Male) |
| 21:26 | Research | Town Watch |
| 21:27 | Queue | Villager (Male) |
| 21:33 | Queue | Villager (Male) |
| 21:34 | Queue | Villager (Male) |
| 21:35 | Build | Farm |
| 21:43 | Queue | Villager (Male) |
| 21:43 | Queue | Villager (Male) |
| 21:47 | Build | Palisade Wall |
| 21:51 | Queue | Knight |
| 21:52 | Queue | Villager (Male) |
| 21:54 | Build | Farm |
| 22:02 | Queue | Villager (Male) |
| 22:06 | Build | House |
| 22:07 | Build | House |
| 22:13 | Research | Wheelbarrow |
Build order — NuMa | OliverAtom
First 150 of 588 actions detected
| 0:01 | Research | Loom |
| 0:01 | Queue | Villager (Male) |
| 0:02 | Build | House |
| 0:04 | Build | House |
| 0:06 | Queue | Villager (Male) |
| 0:17 | Queue | Villager (Male) |
| 1:28 | Queue | Villager (Male) |
| 2:03 | Build | Lumber Camp |
| 2:08 | Queue | Villager (Male) |
| 2:09 | Queue | Villager (Male) |
| 2:24 | Queue | Villager (Male) |
| 2:24 | Queue | Villager (Male) |
| 2:47 | Queue | Villager (Male) |
| 2:47 | Queue | Villager (Male) |
| 3:01 | Queue | Villager (Male) |
| 3:46 | Queue | Villager (Male) |
| 3:51 | Build | House |
| 4:12 | Queue | Villager (Male) |
| 4:12 | Queue | Villager (Male) |
| 4:12 | Queue | Villager (Male) |
| 4:29 | Build | House |
| 4:50 | Queue | Villager (Male) |
| 5:00 | Build | Barracks |
| 5:17 | Build | House |
| 5:27 | Queue | Villager (Male) |
| 5:27 | Queue | Villager (Male) |
| 6:05 | Queue | Villager (Male) |
| 6:45 | Queue | Villager (Male) |
| 6:58 | Build | Mill |
| 7:06 | Build | Mill |
| 7:08 | Queue | Villager (Male) |
| 7:18 | Build | Palisade Wall |
| 7:29 | Build | Palisade Wall |
| 7:53 | Research | Feudal Age |
| 7:53 | Research | Feudal Age |
| 8:03 | Build | Mining Camp |
| 8:14 | Queue | Militia |
| 8:14 | Queue | Militia |
| 8:14 | Queue | Militia |
| 8:24 | Build | Palisade Wall |
| 9:05 | Queue | Militia |
| 9:05 | Queue | Militia |
| 9:38 | Build | Palisade Wall |
| 9:50 | Queue | Villager (Male) |
| 10:03 | Age | Feudal Age |
| 10:07 | Build | Archery Range |
| 10:08 | Research | Man-at-Arms (upgrade) |
| 10:08 | Research | Man-at-Arms (upgrade) |
| 10:09 | Research | Man-at-Arms (upgrade) |
| 10:09 | Queue | Villager (Male) |
| 10:14 | Research | Double-Bit Axe |
| 10:15 | Research | Double-Bit Axe |
| 10:47 | Queue | Villager (Male) |
| 10:55 | Queue | Villager (Male) |
| 11:02 | Build | Blacksmith |
| 11:31 | Queue | Villager (Male) |
| 11:42 | Queue | Villager (Male) |
| 11:45 | Queue | Villager (Male) |
| 11:50 | Queue | Villager (Male) |
| 11:56 | Queue | Skirmisher |
| 11:58 | Build | Farm |
| 11:59 | Build | Farm |
| 12:00 | Build | Farm |
| 12:05 | Queue | Archer |
| 12:16 | Build | House |
| 12:22 | Build | House |
| 12:30 | Build | Farm |
| 12:31 | Queue | Villager (Male) |
| 12:34 | Build | Farm |
| 12:38 | Queue | Villager (Male) |
| 12:41 | Queue | Archer |
| 12:42 | Queue | Archer |
| 12:51 | Queue | Villager (Male) |
| 12:54 | Build | House |
| 13:00 | Queue | Archer |
| 13:20 | Build | House |
| 13:21 | Build | House |
| 13:22 | Build | House |
| 13:28 | Build | Farm |
| 13:43 | Build | House |
| 13:47 | Queue | Eagle Scout |
| 14:19 | Queue | Villager (Male) |
| 14:33 | Queue | Villager (Male) |
| 14:43 | Build | Farm |
| 14:44 | Build | Farm |
| 14:45 | Build | Farm |
| 14:47 | Build | Farm |
| 14:54 | Queue | Archer |
| 15:13 | Build | Lumber Camp |
| 15:45 | Queue | Villager (Male) |
| 15:58 | Build | Barracks |
| 16:05 | Build | Market |
| 16:12 | Queue | Villager (Male) |
| 16:20 | Build | Farm |
| 16:23 | Build | Farm |
| 16:33 | Queue | Villager (Male) |
| 16:37 | Build | Farm |
| 16:54 | Build | House |
| 16:55 | Build | Barracks |
| 17:01 | Queue | Villager (Male) |
| 17:07 | Build | House |
| 17:26 | Build | Barracks |
| 17:35 | Research | Castle Age |
| 17:35 | Research | Castle Age |
| 17:41 | Build | Barracks |
| 17:45 | Build | Palisade Gate |
| 18:09 | Research | Gold Mining |
| 18:10 | Research | Gold Mining |
| 18:23 | Research | Horse Collar |
| 18:23 | Research | Horse Collar |
| 18:30 | Queue | Eagle Scout |
| 18:30 | Queue | Eagle Scout |
| 18:37 | Queue | Eagle Scout |
| 18:37 | Queue | Eagle Scout |
| 18:37 | Queue | Eagle Scout |
| 18:48 | Build | Farm |
| 18:54 | Research | Scale Mail Armor |
| 18:55 | Queue | Eagle Scout |
| 19:10 | Queue | Eagle Scout |
| 19:17 | Build | Farm |
| 19:52 | Queue | Eagle Scout |
| 20:15 | Age | Castle Age |
| 20:19 | Research | Eagle Warrior (upgrade) |
| 20:20 | Queue | Villager (Male) |
| 20:25 | Build | Monastery |
| 20:34 | Research | Bow Saw |
| 20:34 | Research | Bow Saw |
| 20:58 | Queue | Villager (Male) |
| 21:03 | Queue | Eagle Scout |
| 21:03 | Queue | Eagle Scout |
| 21:13 | Queue | Monk |
| 21:22 | Queue | Villager (Male) |
| 21:31 | Build | Town Center |
| 21:40 | Research | Chain Mail Armor |
| 21:53 | Queue | Villager (Male) |
| 22:05 | Queue | Villager (Male) |
| 22:11 | Build | Farm |
| 22:18 | Build | Farm |
| 22:20 | Queue | Villager (Male) |
| 22:20 | Queue | Villager (Male) |
| 22:26 | Queue | Monk |
| 22:40 | Research | Squires |
| 22:41 | Queue | Monk |
| 22:54 | Queue | Eagle Scout |
| 22:54 | Queue | Eagle Scout |
| 22:54 | Queue | Eagle Scout |
| 23:01 | Build | Town Center |
| 23:14 | Queue | Eagle Scout |
| 23:14 | Queue | Eagle Scout |
| 23:15 | Queue | Villager (Male) |
Match timeline
| 5:00 | NuMa | OliverAtom · first_building Barracks |
| 5:44 | Agusjj · wall_segment Palisade Wall x1 |
| 5:45 | Agusjj · wall_segment Palisade Wall x1 |
| 5:46 | Agusjj · wall_segment Palisade Wall x1 |
| 5:46 | Agusjj · wall_segment Palisade Wall x1 |
| 5:48 | Agusjj · wall_segment Palisade Wall x3 |
| 6:54 | Agusjj · wall_segment Palisade Wall x4 |
| 7:18 | NuMa | OliverAtom · wall_segment Palisade Wall x7 |
| 7:29 | NuMa | OliverAtom · wall_segment Palisade Wall x6 |
| 7:57 | Agusjj · first_building Barracks |
| 8:24 | NuMa | OliverAtom · wall_segment Palisade Wall x5 |
| 8:52 | Agusjj · age_up feudal |
| 8:55 | Agusjj · first_building Archery Range |
| 9:38 | NuMa | OliverAtom · wall_segment Palisade Wall x4 |
| 10:03 | NuMa | OliverAtom · age_up feudal |
| 10:07 | NuMa | OliverAtom · first_building Archery Range |
| 10:57 | Agusjj · wall_segment Palisade Wall x1 |
| 13:28 | Agusjj · wall_segment Palisade Wall x1 |
| 13:43 | Agusjj · wall_segment Palisade Wall x7 |
| 14:43 | Agusjj · wall_segment Palisade Wall x11 |
| 16:14 | Agusjj · wall_segment Palisade Wall x1 |
| 16:14 | Agusjj · wall_segment Palisade Wall x1 |
| 16:27 | Agusjj · wall_segment Palisade Wall x9 |
| 17:06 | Agusjj · wall_segment Palisade Wall x1 |
| 17:12 | Agusjj · first_market_sell 100 wood |
| 17:47 | Agusjj · wall_segment Palisade Wall x1 |
| 17:47 | Agusjj · wall_segment Palisade Wall x1 |
| 17:51 | Agusjj · wall_segment Palisade Wall x1 |
| 17:52 | Agusjj · wall_segment Palisade Wall x1 |
| 18:09 | Agusjj · first_building Stable |
| 18:29 | Agusjj · wall_segment Palisade Wall x1 |
| 19:05 | Agusjj · wall_segment Palisade Wall x1 |
| 20:04 | Agusjj · first_market_buy 100 wood |
| 20:09 | Agusjj · age_up castle |
| 20:15 | NuMa | OliverAtom · age_up castle |
| 20:25 | NuMa | OliverAtom · first_building Monastery |
| 20:32 | Agusjj · wall_segment Palisade Wall x1 |
| 21:47 | Agusjj · wall_segment Palisade Wall x1 |
| 23:51 | Agusjj · wall_segment Palisade Wall x1 |
| 24:14 | NuMa | OliverAtom · first_building Siege Workshop |
| 25:47 | Agusjj · wall_segment Palisade Wall x1 |
| 26:16 | Agusjj · wall_segment Palisade Wall x1 |
| 26:17 | Agusjj · wall_segment Palisade Wall x1 |
| 26:20 | Agusjj · wall_segment Palisade Wall x1 |
| 28:01 | NuMa | OliverAtom · first_market_sell 100 wood |
| 29:57 | NuMa | OliverAtom · first_market_buy 100 food |
| 31:11 | NuMa | OliverAtom · first_building Castle |
| 32:52 | NuMa | OliverAtom · wall_segment Stone Wall x4 |
| 33:39 | Agusjj · first_building Castle |
| 37:36 | Agusjj · age_up imperial |
| 37:53 | Agusjj · wall_segment Stone Wall x1 |
| 38:23 | NuMa | OliverAtom · age_up imperial |
| 50:01 | NuMa | OliverAtom · wall_segment Stone Wall x3 |
| 51:01 | Agusjj · resign |
[ AI ANALYSIS · 1 CREDIT ]
What really happened in this match?
Wolo.gg analyzes every decision: build order, eco, micro, common mistakes by bracket. Personalized analysis on WhatsApp or Discord in 30 seconds.
Civ guide
Berbers
Perfil
Jugador #1491620